 Dungeon Crawl Stone Soup version 0.22-a0-3-g4fa69d9 (webtiles) character file.

1412 Faca the Shield-Bearer (level 9, -2/68 HPs)
             Began as a Formicid Fighter on Jan 1, 2018.
             Slain by an orc warrior
             ... wielding a +0 glaive
              (12 damage)
             ... on level 5 of the Dungeon on Jan 2, 2018.
             The game lasted 00:10:30 (4910 turns).

Faca the Shield-Bearer (Formicid Fighter)           Turns: 4910, Time: 00:10:30

Health: -2/68      AC: 11    Str: 22    XL:     9   Next: 2%
Magic:  9/9        EV:  8    Int:  8    God:
Gold:   309        SH: 12    Dex: 12    Spells: 8/8 levels left

rFire    . . .     SeeInvis +   a - +0 war axe
rCold    . . .     Gourm    .   c - +1 shield
rNeg     . . .     Faith    .   d - +0 chain mail
rPois    .         Spirit   .   (helmet unavailable)
rElec    .         Reflect  .   (no cloak)
rCorr    .         Harm     .   (no gloves)
MR       .....                  h - +0 pair of boots
Stlth    ..........             (no amulet)
HPRegen  0.21/turn              (no ring)
MPRegen  0.11/turn              (no ring)

@: no status effects
A: permanent stasis, dig shafts and tunnels, four strong arms, antennae 3
a: Dig, Shaft Self


You were on level 5 of the Dungeon.
You were not hungry.

You visited 1 branch of the dungeon, and saw 6 of its levels.

You collected 309 gold pieces.

Inventory:

Hand Weapons
 a - a +0 war axe (weapon)
 o - a +0 flail of protection
Armour
 c - a +1 shield (worn)
 d - a +0 chain mail (worn)
 h - a +0 pair of boots (worn)
Wands
 i - a wand of clouds (3)
Scrolls
 b - a scroll of fog
 e - 2 scrolls of remove curse
 q - a scroll of fear
Potions
 g - 2 potions of flight {unknown}
 j - 2 potions of heal wounds {unknown}
 k - 2 potions of curing
 m - 2 potions of mutation {unknown}
 p - a potion of agility
Comestibles
 f - 8 rations


   Skills:
 + Level 5.3 Fighting
 + Level 6.8 Axes
 + Level 5.5 Armour
 + Level 2.6 Dodging
 + Level 0.4 Stealth
 + Level 6.8 Shields


You had 8 spell levels left.
You didn't know any spells.

Dungeon Overview and Level Annotations

Branches:
Dungeon (6/15)
 Temple: D:4-7

Altars:
Sif Muna


Innate Abilities, Weirdness & Mutations

You cannot be hasted, slowed, berserked, paralysed or teleported.
You can dig through walls and to a lower floor.
Your four strong arms can wield two-handed weapons with a shield.
You have a pair of large antennae on your head. (SInv)


Message History

You slash the orc warrior!
The orc warrior is moderately wounded.
The orc warrior completely misses you.
You barely miss the orc warrior.
The orc warrior is moderately wounded.
The orc warrior hits you with a glaive!
You closely miss the orc warrior.
The orc warrior is moderately wounded.
The orc warrior completely misses you.
You hit the orc warrior but do no damage.
The orc warrior is moderately wounded.
The orc warrior hits you with a glaive!
* * * LOW HITPOINT WARNING * * *
You hit the orc warrior.
The orc warrior is heavily wounded.
You block the orc warrior's attack.
You hit the orc warrior but do no damage.
The orc warrior is heavily wounded.
The orc warrior hits you with a glaive!
You die...

(....#
###...........##
.....# ####.).....##
.....# ####...###
.....# ##.###..#
.....# #....).##
.....# ##.......###
.....# #..........#
.....# ##.......o..##
....## #.......@...[#
....# #....).......#
...#### #............#
......###............#
..###...............##
..# ####............#
.## ##...........# ##
#..........## #
#..........#


You could see an orc warrior.

Vanquished Creatures
  Edmund (D:5)
  Duvessa (D:4)
  An ice beast (D:6)
  An ogre (D:5)
  3 centaurs
  Dowan (D:4)
  2 crimson imps (D:5)
  6 orc priests
  4 orc wizards
  Terence (D:3)
  3 iguanas
  4 worker ants
  3 gnolls (D:5)
  4 adders
  A shadow imp (D:6)
  An ooze (D:5)
  2 worms (D:2)
  A dart slug (D:1)
  A leopard gecko (D:3)
  16 orcs
  A ball python (D:1)
  4 giant cockroaches
  2 goblins
  4 hobgoblins
  6 jackals
  4 quokkas
  5 bats
  4 frilled lizards
  9 kobolds
  A leopard gecko zombie (D:5)
  A quokka skeleton (D:4)
  A quokka zombie (D:6)
  3 rats (D:1)
102 creatures vanquished.

Notes
Turn   | Place    | Note
-------+----------+-------------------------------------------
     0 | D:1      | Faca the Formicid Fighter began the quest for the Orb.
     0 | D:1      | Reached XP level 1. HP: 18/18 MP: 1/1
   100 | D:1      | Reached XP level 2. HP: 24/24 MP: 2/2
   632 | D:2      | Found a faded altar of an unknown god.
   645 | D:2      | Reached XP level 3. HP: 29/29 MP: 3/3
   897 | D:2      | Reached XP level 4. HP: 30/37 MP: 4/4
  1606 | D:3      | Reached XP level 5. HP: 18/42 MP: 5/5
  2082 | D:3      | Noticed Terence
  2099 | D:3      | Killed Terence
  2345 | D:4      | Noticed Duvessa
  2345 | D:4      | Noticed Dowan
  2365 | D:4      | Killed Duvessa
  2365 | D:4      | Reached skill level 5 in Shields
  2365 | D:4      | Reached XP level 6. HP: 23/48 MP: 6/6
  2365 | D:4      | Killed Dowan
  2365 | D:4      | Reached skill level 1 in Dodging
  2675 | D:4      | Reached XP level 7. HP: 47/54 MP: 7/7
  2969 | D:4      | Found a deep blue altar of Sif Muna.
  3001 | D:4      | Reached skill level 5 in Armour
  3029 | D:5      | Entered Level 5 of the Dungeon
  3670 | D:5      | Noticed Edmund
  3687 | D:5      | Killed Edmund
  3687 | D:5      | Reached skill level 5 in Axes
  3687 | D:5      | Reached XP level 8. HP: 50/61 MP: 8/8
  3881 | D:5      | Reached skill level 5 in Fighting
  4898 | D:6      | Reached XP level 9. HP: 36/68 MP: 9/9
  4910 | D:5      | Slain by an orc warrior

Vault maps used:
D:1:      dpeg_arrival_simpleton_b
D:2:      chequers_ecumenical_altar_simple_redux
D:3:      uniq_terence
D:4:      led_sif_pool, uniq_duvessa
D:5:      first_ration, uniq_edmund
D:6:      uniq_eustachio

Skill      XL: |  1  2  3  4  5  6  7  8 |
---------------+-------------------------+-----
Shields        | 4 5 6 |  6.8
Axes           | 3 4 5 6 |  6.8
Armour         | 4 5 |  5.5
Fighting       | 4 5 |  5.3
Dodging        | 1 2 |  2.6
Stealth        | |  0.4

Action                   |  1- 3 |  4- 6 |  7- 9 || total
-------------------------+-------+-------+-------++-------
Melee: War axe           |   114 |    94 |   203 ||   411
  Use: Scroll            |     4 |     1 |     6 ||    11
       Potion            |       |       |     1 ||     1
  Eat: Chunk             |       |     2 |     3 ||     5
       Ration            |       |     1 |     2 ||     3
Armor: Scale mail        |    44 |    42 |    41 ||   127
       Chain mail        |       |       |    27 ||    27
Dodge: Dodged            |    41 |    39 |    72 ||   152
Block: Shield            |    74 |    65 |   122 ||   261

Table legend:
 A = Spawn XP
 B = Non-spawn XP
 C = Spawn XP percentage of total XP
 D = Spawn monster count
 E = Non-spawn monster count
 F = Spawn count percentage of total count
 G = Total turns spent on level
                    A         B        C        D         E        F      G
               +---------+---------+-------+---------+---------+-------+---------
         Total |       0 |    2018 |   0.0 |       0 |     102 |   0.0 |  4910
               +---------+---------+-------+---------+---------+-------+---------
           D:1 |       0 |      28 |   0.0 |       0 |      17 |   0.0 |   629
           D:2 |       0 |      71 |   0.0 |       0 |      22 |   0.0 |   956
           D:3 |       0 |     135 |   0.0 |       0 |       9 |   0.0 |   757
           D:4 |       0 |     466 |   0.0 |       0 |      14 |   0.0 |   923
           D:5 |       0 |    1009 |   0.0 |       0 |      31 |   0.0 |  1439
           D:6 |       0 |     309 |   0.0 |       0 |       9 |   0.0 |   206
               +---------+---------+-------+---------+---------+-------+---------
